 Dungeon Crawl Stone Soup version 0.32-a0-39-g5c88369fb2 (webtiles) character file.

Game seed: 10679887479349667844

466 Ge0ff the Cutter (level 6, -5/47 HPs)
             Began as a Mummy Artificer on Feb 5, 2024.
             Was a Priest of Okawaru.
             Incinerated by a bombardier beetle (7 damage)
             ... with a burning spray
             ... on level 5 of the Dungeon.
             The game lasted 00:07:29 (3390 turns).

Ge0ff the Cutter (Mummy Artificer)                  Turns: 3390, Time: 00:07:30

Health: -5/47      AC: 12    Str: 15    XL:     6   Next: 81%
Magic:  6/6        EV: 10    Int: 11    God:    Okawaru [***...]
Gold:   127        SH:  7    Dex: 14    Spells: 5/5 levels left

rFire   x . .        a - +1 rapier
rCold   + . .        p - +3 buckler {AC+3}
rNeg    + + +        b - +0 leather armour
rPois   ∞            (no helmet)
rElec   .            V - +1 cloak
rCorr   .            (no gloves)
SInv    .            (no boots)
Will    +....        (no amulet)
Stlth   +            r - +4 ring of protection
HPRegen 0.27/turn    v - ring of willpower {=R}
MPRegen 0.10/turn

%: faith
@: on fire, glowing
A: cold resistance 1, negative energy resistance 3, torment resistance 2, heat
vulnerability 1, in touch with death 1, no potions, faith
a: Renounce Religion, Heroism


You were on level 5 of the Dungeon.
You worshipped Okawaru.
Okawaru was most pleased with you.
You visited 1 branch of the dungeon, and saw 5 of its levels.

You collected 127 gold pieces.

Inventory:

Hand Weapons
 a - a +1 rapier (weapon)
 o - a +0 spear
 q - a +0 sling of freezing
Missiles
 g - 26 stones (quivered)
 u - 2 boomerangs
Armour
 b - a +0 leather armour (worn)
 p - a +3 buckler of protection (worn)
 V - a +1 cloak (worn)
Jewellery
 r - a +4 ring of protection (left hand)
 v - a ring of willpower (right hand) {=R}
Wands
 f - a wand of flame (3)
 k - a wand of iceblast (3)
 s - a wand of mindburst (7)
Scrolls
 h - a scroll of enchant weapon
 i - a scroll of identify
 T - a scroll of teleportation
 U - a scroll of amnesia


   Skills:
 - Level 3.0 Fighting
 * Level 3.7 Short Blades
 - Level 1.5 Armour
 - Level 0.7 Dodging
 - Level 2.0 Stealth
 + Level 2.4 Shields
 - Level 3.0 Evocations


You had 5 spell levels left.
You didn't know any spells.
Your spell library was empty.

Dungeon Overview and Level Annotations

Branches:
Dungeon (5/15) Zot: 26549
 Temple: D:4-7

Altars:
Cheibriados
Kikubaaqudgha
Okawaru
Ru
Uskayaw
Wu Jian


Innate Abilities, Weirdness & Mutations

You are immune to poison.
Your flesh is cold resistant. (rC+)
You are immune to negative energy. (rN+++)
You are immune to unholy pain and torment.
You are vulnerable to heat. (rF-)
You are in touch with the powers of death.
You do not drink.
You have a special connection with the divine. (Faith)


Message History

A bombardier beetle is nearby!
The helpless bombardier beetle fails to defend itself.
You puncture the bombardier beetle!
The bombardier beetle is severely wounded.
You block the bombardier beetle's attack.
You barely miss the bombardier beetle.
The bombardier beetle is severely wounded.
You barely miss the bombardier beetle.
The bombardier beetle is severely wounded.
The bombardier beetle sprays incendiary fluid at you.
The burning spray hits you.
You are covered in liquid fire!
You hit the bombardier beetle but do no damage.
The bombardier beetle is severely wounded.
The liquid fire burns you!
The bombardier beetle barely misses you.
You hit the bombardier beetle but do no damage.
The bombardier beetle is severely wounded.
The liquid fire burns you!
You hit the bombardier beetle but do no damage.
The bombardier beetle is severely wounded.
The liquid fire burns you!
The bombardier beetle sprays incendiary fluid at you.
The burning spray misses you.
You hit the bombardier beetle.
The bombardier beetle is almost dead.
The liquid fire burns you!
The bombardier beetle completely misses you.
You barely miss the bombardier beetle.
The bombardier beetle is almost dead.
The liquid fire burns you!
You hit the bombardier beetle but do no damage.
The bombardier beetle is almost dead.
The liquid fire burns you!
* * * LOW HITPOINT WARNING * * *
The bombardier beetle sprays incendiary fluid at you.
The burning spray hits you.
You are even more covered in liquid fire!
You hit the bombardier beetle.
You kill the bombardier beetle!
Okawaru accepts your kill. The liquid fire burns you!
* * * LOW HITPOINT WARNING * * *
You shake off some of the fire as you move.
The liquid fire burns you!
* * * LOW HITPOINT WARNING * * *
There is a stone staircase leading down here.
You shake off some of the fire as you move.
The liquid fire burns you!
You die...

#####
#.@.####
#.>†$..#
#.<.##.#
##.## #
#.# ...
###


There were no monsters in sight!

Vanquished Creatures
  An ice beast (D:4)
  A scorpion (D:4)
  2 bombardier beetles
  An orc priest (D:3)
  2 orc wizards (D:3)
  3 gnolls (D:2)
  5 adders
  A dart slug (D:4)
  4 ribbon worms
  7 orcs
  7 bats
  10 endoplasms
  2 giant cockroaches
  8 goblins
  6 hobgoblins
  13 kobolds
  2 quokkas
  4 ball pythons
  3 frilled lizards
  8 rats
90 creatures vanquished.

Notes
Turn   | Place    | Note
-------+----------+-------------------------------------------
     0 | D:1      | Ge0ff the Mummy Artificer began the quest for the Orb.
     0 | D:1      | Reached XP level 1. HP: 15/15 MP: 1/1
   123 | D:1      | Noticed a golden eye
   125 | D:1      | Found a faded altar of an unknown god.
   127 | D:1      | Reached skill level 1 in Stealth
   127 | D:1      | Noticed a shining eye
   127 | D:1      | Noticed a golden eye
   127 | D:1      | Noticed a great orb of eyes
   144 | D:1      | Prayed at the altar of an unknown god.
   144 | D:1      | Became a worshipper of Warmaster Okawaru
   144 | D:1      | Reached * piety under Okawaru
   191 | D:1      | Reached XP level 2. HP: 17/21 MP: 2/2
   441 | D:1      | Identified a scroll of acquirement
   442 | D:1      | Acquired a +2 buckler of protection
   768 | D:1      | Reached XP level 3. HP: 27/27 MP: 3/3
   984 | D:2      | Found a snail-covered altar of Cheibriados.
  1138 | D:2      | Reached skill level 1 in Short Blades
  1138 | D:2      | Reached XP level 4. HP: 28/33 MP: 4/4
  1841 | D:3      | Reached skill level 1 in Shields
  1841 | D:3      | Reached XP level 5. HP: 31/39 MP: 5/5
  2258 | D:3      | Reached ** piety under Okawaru
  2631 | D:3      | Found an ancient bone altar of Kikubaaqudgha.
  2639 | D:3      | Found a hide-covered altar of Uskayaw.
  2641 | D:3      | Found an ornate altar of the Wu Jian Council.
  2643 | D:3      | Found a sacrificial altar of Ru.
  2922 | D:4      | Reached XP level 6. HP: 30/47 MP: 6/6
  3009 | D:4      | Noticed an ice beast
  3017 | D:4      | Killed an ice beast
  3327 | D:4      | You fall into a shaft and drop 1 floor!
  3327 | D:5      | Entered Level 5 of the Dungeon
  3388 | D:5      | Reached *** piety under Okawaru
  3389 | D:5      | HP: 1/47 [burnt (6)]
  3390 | D:5      | Incinerated by a bombardier beetle

Illustrated notes

Levels and vault maps discovered:
D:1:      eino_arrival_cavern_d, layout_basic,
          hellmonk_ecumenical_altar_watching_god, minmay_misc_feat_tiny,
          hex_large, minmay_ruptured
D:2:      layout_loops_ring, basic_altar, bh_walls_and_bars
D:3:      layout_loops_ring, chequers_temple_overflow_minitemple,
          chequers_serial_rivers_marsh, amethyst_killhole, minmay_circle_x
D:4:      minmay_angry_zag, layout_basic
D:5:      layout_loops_cross, minmay_temple_entry_butterflies,
          ebering_ghost_rock_garden

Skill      XL: |  1  2  3  4  5  6 |
---------------+-------------------+-----
Stealth        | 1 2 |  2.0
Fighting       | 2 3 |  3.0
Short Blades   | 1 2 3 |  3.7
Evocations     | 3 |  3.0
Shields        | 1 2 |  2.4
Armour         | |  1.5
Dodging        | |  0.7

Action                     |  1- 3 |  4- 6 || total
---------------------------+-------+-------++-------
  Melee: Rapier            |   107 |   217 ||   324
         Club              |    11 |       ||    11
  Throw: Stone             |       |     8 ||     8
  Evoke: Wand              |    13 |    13 ||    26
    Use: Scroll            |     2 |     7 ||     9
   Stab: Sleeping          |       |     5 ||     5
 Armour: Leather armour    |    84 |   106 ||   190
  Dodge: Dodged            |    66 |    89 ||   155
  Block: Buckler           |    18 |    69 ||    87

Table legend: (Time is in decaauts)
 A = Elapsed time spent in this place.
 B = Non-inter-level travel time spent in this place.
 C = Inter-level travel time spent in this place.
 D = Time resting spent in this place.
 E = Time spent auto-exploring this place.
 F = Levels seen in this place.
 G = Mean time per level.
                   A        B        C        D        E       F      G
               +--------+--------+--------+--------+--------+-----+--------+
         Total |   3450 |   3323 |    127 |      4 |   2305 |   5 |  690.0 |
       Dungeon |   3450 |   3323 |    127 |      4 |   2305 |   5 |  690.0 |
               +--------+--------+--------+--------+--------+-----+--------+

Top non-repeatable levels by time:
     D:3: 1081 daAuts
     D:2: 893 daAuts
     D:1: 801 daAuts
     D:4: 653 daAuts
     D:5: 21 daAuts
